PL
NORTHERN VIRGINIA RETRIEVERS @ RICHARDSON CITY THUNDERCATS
09/22/2024
 
TOP OF THE 1ST
Northern Virginia Retrievers batting - Pitching for Richardson City Thundercats : LHP Jesús Gonzáles
Pitching: LHP Jesús Gonzáles
Batting: RHB Luis Rodríguez 0-0: Called Strike
0-1: Ball
1-1: Ground out U3 (Groundball, 3)
Batting: LHB Roberto Salazar 0-0: SINGLE (Groundball, 3D)
Batting: RHB Teruo Nakayama 0-0: Called Strike
0-1: Swinging Strike
0-2: Strikes out looking
Batting: RHB Ju-chan Pak 0-0: Called Strike
0-1: DOUBLE (Line Drive, 78M)
Roberto Salazar to third
Runner from 3rd tries for Home, SAFE, no throw or cutoff
Batting: RHB Gil Moore 0-0: Ball
1-0: Called Strike
1-1: Ball
2-1: Ball
3-1: Foul Ball, location: 2F
3-2: Fly out, F8 (Flyball, 8LM)
Top of the 1st over - 1 run(s), 2 hit(s), 0 error(s), 1 left on base; Northern Virginia 1 - Richardson City 0
BOTTOM OF THE 1ST
Richardson City Thundercats batting - Pitching for Northern Virginia Retrievers : RHP Harold Elkins
Pitching: RHP Harold Elkins
Batting: RHB Alden Wiley 0-0: Fly out, F3 (Popup, 3F)
Batting: RHB Joey Jones 0-0: Foul Ball, location: 2F
0-1: Called Strike
0-2: Ground out 4-3 (Groundball, 4M)
Batting: SHB Seishiro Nishimura 0-0: Called Strike
0-1: Swinging Strike
0-2: Ball
1-2: Strikes out swinging
Bottom of the 1st over - 0 run(s), 0 hit(s), 0 error(s), 0 left on base; Northern Virginia 1 - Richardson City 0
TOP OF THE 2ND
Northern Virginia Retrievers batting - Pitching for Richardson City Thundercats : LHP Jesús Gonzáles
Batting: SHB Ramiro Salazar 0-0: Foul Ball, location: 2F
0-1: Ball
1-1: Called Strike
1-2: Ball
2-2: Ground out 6-3 (Groundball, 6M)
Batting: RHB Eddie O'Bryan 0-0: Ball
1-0: Ball
2-0: Ball
3-0: Called Strike
3-1: Base on Balls
Batting: SHB Gustavo Fuentes 0-0: Swinging Strike
0-1: Foul Ball, location: 2F
0-2: Ball
1-2: Ball
Passed Ball!
Eddie O'Bryan to second
2-2: DOUBLE (Line Drive, 7LM)
Eddie O'Bryan scores
Batting: RHB Brett Callison 0-0: Ball
1-0: Ball
2-0: Ball
3-0: Called Strike
3-1: Foul Ball, location: 2F
3-2: SINGLE (Groundball, 6MD)
Gustavo Fuentes to third
Runner from 3rd tries for Home, SAFE, no throw or cutoff
Batting: RHB Luis Rodríguez 0-0: Foul Ball, location: 2F
0-1: Ball
1-1: DOUBLE (Line Drive, 8LM)
Brett Callison to third
Runner from 3rd tries for Home, throw and OUT!
Batting: LHB Roberto Salazar 0-0: Ball
1-0: Ground out 6-3 (Groundball, 6)
Top of the 2nd over - 2 run(s), 3 hit(s), 0 error(s), 1 left on base; Northern Virginia 3 - Richardson City 0
BOTTOM OF THE 2ND
Richardson City Thundercats batting - Pitching for Northern Virginia Retrievers : RHP Harold Elkins
Batting: LHB Terrence Eler 0-0: Called Strike
0-1: SOLO HOME RUN (Line Drive, 9D), Distance : 388 ft
Batting: RHB Juan Cabrera 0-0: Ball
1-0: Ball
2-0: Foul Ball, location: 2F
2-1: Ball
3-1: SINGLE (Groundball, 5S) (infield hit)
Batting: RHB Nate Cates 0-0: Foul Ball, location: 2F
0-1: 2-RUN HOME RUN (Flyball, 78XD), Distance : 403 ft
Batting: LHB Eduardo Álvarez 0-0: Called Strike
0-1: Ball
1-1: Called Strike
1-2: Ball
2-2: Ball
3-2: Base on Balls
Batting: LHB Fernando Ramírez 0-0: Ball
1-0: Ball
Wild Pitch!
Eduardo Álvarez to second
2-0: SINGLE (Line Drive, 56D)
Eduardo Álvarez to third
Runner from 3rd tries for Home, throw and OUT!
Batting: RHB Chriss Mann 0-0: Swinging Strike
0-1: Foul Ball, location: 2F
0-2: Ball
1-2: Foul Ball, location: 2F
1-2: Foul Ball, location: 2F
1-2: Ball
2-2: Grounds into double play, 6-4-3 (Groundball, 56)
Bottom of the 2nd over - 3 run(s), 4 hit(s), 0 error(s), 0 left on base; Northern Virginia 3 - Richardson City 3
TOP OF THE 3RD
Northern Virginia Retrievers batting - Pitching for Richardson City Thundercats : LHP Jesús Gonzáles
Batting: RHB Teruo Nakayama 0-0: Ball
1-0: Called Strike
1-1: Ground out 5-3 (Groundball, 5S)
Batting: RHB Ju-chan Pak 0-0: Ball
1-0: Called Strike
1-1: Foul Ball, location: 2F
1-2: Ball
2-2: Foul Ball, location: 2F
2-2: Strikes out looking
Batting: RHB Gil Moore 0-0: Ball
1-0: Foul Ball, location: 2F
1-1: Foul Ball, location: 2F
1-2: Strikes out swinging
Top of the 3rd over - 0 run(s), 0 hit(s), 0 error(s), 0 left on base; Northern Virginia 3 - Richardson City 3
BOTTOM OF THE 3RD
Richardson City Thundercats batting - Pitching for Northern Virginia Retrievers : RHP Harold Elkins
Batting: RHB Alden Wiley 0-0: Ball
1-0: Ball
2-0: Called Strike
2-1: Called Strike
2-2: Ball
3-2: Foul Ball, location: 2F
3-2: Base on Balls
Batting: RHB Joey Jones 0-0: Called Strike
0-1: Ball
1-1: Ball
2-1: Foul Ball, location: 2F
2-2: Foul Ball, location: 2F
2-2: Ball
3-2: Foul Ball, location: 2F
3-2: Foul Ball, location: 2F
3-2: Base on Balls
Alden Wiley to second
Batting: SHB Seishiro Nishimura 0-0: Called Strike
0-1: Foul Ball, location: 2F
0-2: Ball
1-2: Foul Ball, location: 2F
1-2: Foul Ball, location: 2F
1-2: Foul Ball, location: 2F
1-2: Fly out, F8 (Flyball, 8RXD)
Runner from 2nd tags up, SAFE at 3rd, no throw
Batting: LHB Terrence Eler 0-0: Swinging Strike
0-1: Ball
1-1: Swinging Strike
1-2: Foul Ball, location: 2F
1-2: Foul Ball, location: 2F
1-2: Strikes out swinging
Batting: RHB Juan Cabrera 0-0: Ball
1-0: Ball
2-0: Foul Ball, location: 2F
2-1: Called Strike
2-2: Ball
3-2: Foul Ball, location: 2F
3-2: Base on Balls
Joey Jones to second
Batting: RHB Nate Cates 0-0: Called Strike
0-1: Ball
1-1: Foul Ball, location: 2F
1-2: Ball
2-2: Strikes out swinging
Bottom of the 3rd over - 0 run(s), 0 hit(s), 0 error(s), 3 left on base; Northern Virginia 3 - Richardson City 3
TOP OF THE 4TH
Northern Virginia Retrievers batting - Pitching for Richardson City Thundercats : LHP Jesús Gonzáles
Batting: SHB Ramiro Salazar 0-0: Foul Ball, location: 2F
0-1: SINGLE (Line Drive, 8RS)
Batting: RHB Eddie O'Bryan 0-0: Called Strike
0-1: Ball
1-1: Ground out 5-3 (Groundball, 56S)
Ramiro Salazar to second
Batting: SHB Gustavo Fuentes 0-0: Ball
1-0: Foul Ball, location: 2F
1-1: Foul Ball, location: 2F
1-2: Strikes out swinging
Batting: RHB Brett Callison 0-0: Ball
1-0: Ball
2-0: Foul Ball, location: 2F
2-1: SINGLE (Line Drive, 8RS)
Ramiro Salazar to third
Runner from 3rd tries for Home, throw and OUT!
Top of the 4th over - 0 run(s), 2 hit(s), 0 error(s), 1 left on base; Northern Virginia 3 - Richardson City 3
BOTTOM OF THE 4TH
Richardson City Thundercats batting - Pitching for Northern Virginia Retrievers : RHP Harold Elkins
Batting: LHB Eduardo Álvarez 0-0: Foul Ball, location: 2F
0-1: Ball
1-1: Ground out U3 (Groundball, 3)
Batting: LHB Fernando Ramírez 0-0: Called Strike
0-1: Ball
1-1: Foul Ball, location: 2F
1-2: Ball
2-2: Ball
3-2: Base on Balls
Batting: RHB Chriss Mann 0-0: Called Strike
0-1: Swinging Strike
0-2: Ball
1-2: Ball
2-2: Ball
3-2: Foul Ball, location: 2F
3-2: Fly out, F7 (Flyball, 78M)
Batting: RHB Alden Wiley 0-0: Called Strike
0-1: Ball
1-1: Ball
2-1: Foul Ball, location: 2F
2-2: Fly out, F6 (Popup, 6D)
Bottom of the 4th over - 0 run(s), 0 hit(s), 0 error(s), 1 left on base; Northern Virginia 3 - Richardson City 3
TOP OF THE 5TH
Northern Virginia Retrievers batting - Pitching for Richardson City Thundercats : LHP Jesús Gonzáles
Batting: RHB Luis Rodríguez 0-0: Called Strike
0-1: Ball
1-1: Ball
2-1: Swinging Strike
2-2: Foul Ball, location: 2F
2-2: Ball
3-2: Base on Balls
Batting: LHB Roberto Salazar 0-0: Ball
1-0: Sac Bunt - play at first, batter OUT! 1-4
Luis Rodríguez to second
Batting: RHB Teruo Nakayama 0-0: Foul Ball, location: 2F
0-1: Ball
1-1: Swinging Strike
1-2: Strikes out looking
Batting: RHB Ju-chan Pak 0-0: Ball
1-0: Foul Ball, location: 2F
1-1: Called Strike
1-2: Strikes out swinging
Top of the 5th over - 0 run(s), 0 hit(s), 0 error(s), 1 left on base; Northern Virginia 3 - Richardson City 3
BOTTOM OF THE 5TH
Richardson City Thundercats batting - Pitching for Northern Virginia Retrievers : RHP Harold Elkins
Batting: RHB Joey Jones 0-0: Called Strike
0-1: DOUBLE (Line Drive, 9LS)
Batting: SHB Seishiro Nishimura 0-0: Ball
1-0: Ball
2-0: Ball
3-0: Called Strike
3-1: Swinging Strike
3-2: Foul Ball, location: 2F
3-2: Foul Ball, location: 2F
3-2: SINGLE (Groundball, 5D)
Joey Jones to third
Pitching: RHP Cole Hall
Batting: LHB Terrence Eler 0-0: Foul Ball, location: 2F
0-1: SINGLE (Line Drive, 3L)
Joey Jones scores
Seishiro Nishimura to second
Batting: RHB Juan Cabrera 0-0: Called Strike
0-1: Foul Ball, location: 2F
0-2: Strikes out swinging
Batting: RHB Nate Cates 0-0: Ball
1-0: Grounds into double play, 6-4-3 (Groundball, 6M)
Bottom of the 5th over - 1 run(s), 3 hit(s), 0 error(s), 1 left on base; Northern Virginia 3 - Richardson City 4
TOP OF THE 6TH
Northern Virginia Retrievers batting - Pitching for Richardson City Thundercats : LHP Jesús Gonzáles
Batting: RHB Gil Moore 0-0: DOUBLE (Line Drive, 7D)
Batting: SHB Ramiro Salazar 0-0: Foul Ball, location: 2F
0-1: SINGLE (Groundball, 6MD)
Gil Moore to third
Batting: RHB Eddie O'Bryan 0-0: Ball
1-0: SINGLE (Line Drive, 56D)
Gil Moore scores
Ramiro Salazar to second
Pitching: RHP Ryan Davis
Batting: SHB Gustavo Fuentes 0-0: Bunted foul
0-1: Sac Bunt - play at first, batter OUT! 3-4
Ramiro Salazar to third
Eddie O'Bryan to second
Batting: RHB Brett Callison 0-0: Ball
1-0: Ball
2-0: Swinging Strike
2-1: SINGLE (Flyball, 9LS)
Ramiro Salazar scores
Eddie O'Bryan to third
Runner from 3rd tries for Home, SAFE, throw made home
Brett Callison to second
Batting: RHB Luis Rodríguez 0-0: Called Strike
0-1: Foul Ball, location: 2F
0-2: Ball
Wild Pitch!
Brett Callison to third
1-2: Ball
2-2: Strikes out swinging
Batting: LHB Roberto Salazar 0-0: Ball
1-0: Foul Ball, location: 2F
1-1: Ball
2-1: Called Strike
2-2: Foul Ball, location: 2F
2-2: Ball
3-2: Foul Ball, location: 2F
3-2: Foul Ball, location: 2F
3-2: SINGLE (Line Drive, 5D)
Brett Callison scores
Batting: RHB Teruo Nakayama 0-0: Ball
Roberto Salazar is caught stealing 2nd base
Top of the 6th over - 4 run(s), 5 hit(s), 0 error(s), 0 left on base; Northern Virginia 7 - Richardson City 4
BOTTOM OF THE 6TH
Richardson City Thundercats batting - Pitching for Northern Virginia Retrievers : RHP Cole Hall
Batting: LHB Eduardo Álvarez 0-0: Called Strike
0-1: Fly out, F9 (Line Drive, 9M)
Batting: LHB Fernando Ramírez 0-0: Foul Ball, location: 2F
0-1: Ball
1-1: Swinging Strike
1-2: Ball
2-2: SINGLE (Groundball, 2L) (infield hit)
Batting: RHB Chriss Mann 0-0: Ball
1-0: Ball
2-0: Called Strike
2-1: Ball
3-1: Base on Balls
Fernando Ramírez to second
Batting: RHB Alden Wiley 0-0: Called Strike
0-1: Fly out, F8 (Flyball, 8LM)
Batting: RHB Joey Jones 0-0: Called Strike
0-1: Ball
1-1: Fly out, F9 (Flyball, 9S)
Bottom of the 6th over - 0 run(s), 1 hit(s), 0 error(s), 2 left on base; Northern Virginia 7 - Richardson City 4
TOP OF THE 7TH
Northern Virginia Retrievers batting - Pitching for Richardson City Thundercats : RHP Ryan Davis
Batting: RHB Teruo Nakayama 0-0: Ball
1-0: Ball
2-0: Ball
3-0: Called Strike
3-1: Base on Balls
Batting: RHB Ju-chan Pak 0-0: Called Strike
0-1: Fly out, F6 (Line Drive, 6)
Batting: RHB Gil Moore 0-0: Foul Ball, location: 2F
0-1: Ball
1-1: Called Strike
1-2: Hit by Pitch
Teruo Nakayama to second
Batting: SHB Ramiro Salazar 0-0: Ball
1-0: Ball
2-0: Swinging Strike
2-1: Foul Ball, location: 2F
2-2: Foul Ball, location: 2F
2-2: Strikes out swinging
Batting: RHB Eddie O'Bryan 0-0: Swinging Strike
0-1: Foul Ball, location: 2F
0-2: Strikes out swinging
Top of the 7th over - 0 run(s), 0 hit(s), 0 error(s), 2 left on base; Northern Virginia 7 - Richardson City 4
BOTTOM OF THE 7TH
Richardson City Thundercats batting - Pitching for Northern Virginia Retrievers : RHP Cole Hall
Batting: SHB Seishiro Nishimura 0-0: Ball
1-0: Foul Ball, location: 2F
1-1: Swinging Strike
1-2: Strikes out swinging
Batting: LHB Terrence Eler 0-0: Ball
1-0: Foul Ball, location: 2F
1-1: Swinging Strike
1-2: Foul Ball, location: 2F
1-2: Ball
2-2: Foul Ball, location: 2F
2-2: Ball
3-2: Fly out, F6 (Line Drive, 6)
Batting: RHB Juan Cabrera 0-0: Ball
1-0: Called Strike
1-1: Swinging Strike
1-2: Strikes out swinging
Bottom of the 7th over - 0 run(s), 0 hit(s), 0 error(s), 0 left on base; Northern Virginia 7 - Richardson City 4
TOP OF THE 8TH
Northern Virginia Retrievers batting - Pitching for Richardson City Thundercats : RHP Ryan Davis
Batting: SHB Gustavo Fuentes 0-0: Called Strike
0-1: SINGLE (Groundball, 34D)
Batting: RHB Brett Callison 0-0: Ball
1-0: Called Strike
1-1: Ball
2-1: Sac Bunt - play at first, batter OUT! 1-4
Gustavo Fuentes to second
Pitching: LHP Javier Ramírez
Batting: RHB Luis Rodríguez 0-0: Ball
1-0: Fly out, F8 (Flyball, 8LM)
Batting: LHB Roberto Salazar 0-0: Ball
1-0: Ball
2-0: Ball
3-0: Called Strike
3-1: Ground out 6-3 (Groundball, 6M)
Top of the 8th over - 0 run(s), 1 hit(s), 0 error(s), 1 left on base; Northern Virginia 7 - Richardson City 4
BOTTOM OF THE 8TH
Richardson City Thundercats batting - Pitching for Northern Virginia Retrievers : RHP Natalino Golaio
Pitching: RHP Natalino Golaio
Batting: RHB Nate Cates 0-0: Ground out 4-3 (Groundball, 4)
Batting: LHB Eduardo Álvarez 0-0: Ground out 4-3 (Groundball, 34)
Batting: LHB Fernando Ramírez 0-0: Foul Ball, location: 2F
0-1: Reached on error, E5 (Groundball, 56S)
Pitching: RHP Lou Hartling
Batting: RHB Chriss Mann 0-0: Ball
1-0: Called Strike
1-1: Called Strike
1-2: Strikes out looking
Bottom of the 8th over - 0 run(s), 0 hit(s), 1 error(s), 1 left on base; Northern Virginia 7 - Richardson City 4
TOP OF THE 9TH
Northern Virginia Retrievers batting - Pitching for Richardson City Thundercats : LHP Javier Ramírez
Batting: RHB Teruo Nakayama 0-0: Swinging Strike
0-1: Swinging Strike
0-2: Ball
1-2: Strikes out looking
Batting: RHB Ju-chan Pak 0-0: Ball
1-0: Ball
2-0: Ball
3-0: Called Strike
3-1: Base on Balls
Batting: RHB Gil Moore 0-0: Called Strike
0-1: Swinging Strike
0-2: Ball
1-2: Strikes out swinging
Batting: SHB Ramiro Salazar 0-0: Called Strike
0-1: Swinging Strike
0-2: Ball
1-2: Foul Ball, location: 2F
1-2: Foul Ball, location: 2F
1-2: Strikes out swinging
Top of the 9th over - 0 run(s), 0 hit(s), 0 error(s), 1 left on base; Northern Virginia 7 - Richardson City 4
BOTTOM OF THE 9TH
Richardson City Thundercats batting - Pitching for Northern Virginia Retrievers : RHP Lou Hartling
Pitching: RHP Jim Dixon
Batting: RHB Alden Wiley 0-0: Ball
1-0: Foul Ball, location: 2F
1-1: Foul Ball, location: 2F
1-2: Foul Ball, location: 2F
1-2: Ball
2-2: Foul Ball, location: 2F
2-2: Ground out 6-3 (Groundball, 6M)
Batting: RHB Joey Jones 0-0: Ball
1-0: Foul Ball, location: 2F
1-1: Ball
2-1: Ball
3-1: Called Strike
3-2: Base on Balls
Batting: SHB Seishiro Nishimura 0-0: Ball
1-0: SINGLE (Line Drive, 4MD)
Joey Jones to second
Batting: LHB Terrence Eler 0-0: Ball
1-0: Ball
2-0: Grounds out, U3 (Groundball, 3L)
Joey Jones to third
Batting: RHB Juan Cabrera 0-0: SINGLE (Line Drive, 56)
Joey Jones scores
Seishiro Nishimura to third
Batting: RHB Nate Cates 0-0: Foul Ball, location: 2F
0-1: Ball
1-1: Fly out, F9 (Flyball, 89S)
Bottom of the 9th over - 1 run(s), 2 hit(s), 0 error(s), 2 left on base; Northern Virginia 7 - Richardson City 5
This league is powered by Out of the Park Baseball, the baseball management simulation game for PC, Mac and Linux
Monday, October 3rd, 2016 - OOTP Baseball 16.9 Build 39